 Dungeon Crawl Stone Soup version bcrawl-1.17.1 (webtiles) character file.

Game seed: 12990094406454020617

6088 Gumption the Destroyer (level 10, -3/60 HPs)
             Began as a Fairy Wizard on Oct 18, 2019.
             Was an Initiate of Gozag.
             Slain by a purple ugly thing (20 damage)
             ... on level 9 of the Dungeon.
             The game lasted 01:21:34 (7604 turns).

Gumption the Destroyer (Fairy Wizard)               Turns: 7604, Time: 01:21:35

Health: -3/60      AC: 12    Str:  5    XL:     10   Next: 88%
Magic:  18/24      EV: 27    Int: 26    God:    Gozag
Gold:   1410       SH:  6    Dex: 10    Spells: 9/26 levels left

rFire    + . .     SeeInvis .   a - +1 short sword (elec)
rCold    . . .     Gourm    .   (shield restricted)
rNeg     . . .     Faith    .   (armour unavailable)
rPois    .         Spirit   .   t - +2 hat
rElec    .         Reflect  .   q - +0 cloak
rCorr    .         Harm     .   y - +0 pair of gloves
MR       +....                  F - +1 pair of boots
Stlth    +.........             (no amulet)
HPRegen  0.20/turn              I - ring of protection from fire
MPRegen  0.19/turn              p - +6 ring of evasion

@: flying evasively
A: small, magic attunement, unstealthy, unfitting armour, able to fly, AC/SH +6
a: Stop Flying, Potion Petition, Call Merchant, Bribe Branch, Renounce Religion


You were on level 9 of the Dungeon.
You worshipped Gozag.
Gozag was most pleased with you.
You were not hungry.

You visited 2 branches of the dungeon, and saw 10 of its levels.

You collected 1489 gold pieces.
You paid 79 gold pieces to Gozag.

Inventory:

Hand Weapons
 a - a +1 short sword of electrocution (weapon)
 b - a +1 quarterstaff
Missiles
 m - 128 tomahawks of dispersal (quivered)
 J - a throwing net {!f}
Armour
 q - a +0 cloak (worn)
 t - a +2 hat (worn)
 y - a +0 pair of gloves (worn)
 F - a +1 pair of boots (worn)
Jewellery
 e - a +4 ring of intelligence
 j - an uncursed ring of protection from cold
 p - a +6 ring of evasion (right hand)
 r - an uncursed ring of resist corrosion
 I - a ring of protection from fire (left hand)
Wands
 f - a wand of flame (21)
 u - a wand of digging (3)
 v - a wand of iceblast (4)
 D - a wand of scattershot (4)
 E - a wand of acid (5)
Scrolls
 i - a scroll of enchant armour
 l - 5 scrolls of remove curse
 n - 2 scrolls of enchant weapon
 o - a scroll of magic mapping
 w - 2 scrolls of blinking
 C - a scroll of teleportation
 H - a scroll of fog {unknown}
Potions
 c - 3 potions of mutation {unknown}
 g - 2 potions of flight {unknown}
 h - a potion of agility {unknown}
 k - 4 potions of curing
 s - 3 potions of brilliance
 x - a potion of invisibility {unknown}
 z - a potion of ambrosia {unknown}
 A - a potion of lignification {unknown}
 G - a potion of resistance {unknown}
Comestibles
 d - 12 rations {!d}


   Skills:
 + Level 1.7 Fighting
 * Level 3.0 Short Blades
 + Level 8.9 Dodging
 - Level 1.7 Stealth
 + Level 8.7 Spellcasting
 - Level 10.0 Conjurations
 - Level 2.0 Hexes
 - Level 4.0 Summonings
 - Level 4.0 Translocations
 - Level 3.1 Transmutations
 - Level 4.0 Fire Magic
 - Level 4.4 Air Magic
 - Level 4.4 Poison Magic


You had 9 spell levels left.
You knew the following spells:

 Your Spells              Type           Power        Failure   Level  Hunger
a - Magic Dart            Conj           ####         1%          1    None
b - Blink                 Tloc           N/A          1%          2    None
c - Call Imp              Summ           ####....     1%          2    None
d - Mephitic Cloud        Conj/Pois/Air  #####...     1%          3    None
e - Conjure Flame         Conj/Fire      #####...     1%          3    None
f - Slow                  Hex            ###.....     2%          1    None
g - Spider Form           Tmut/Pois      ###          3%          3    None
h - Sticks to Snakes      Tmut           ####....     2%          2    None

Your spell library contained the following spells:

 Spells                   Type           Power        Failure   Level  Hunger
 Beastly Appendage        Tmut           ####..       1%          1    None
 Ice Form                 Ice/Tmut       ###.....     26%         4    None
 Blade Hands              Tmut           ####......   38%         5    None


Dungeon Overview and Level Annotations

Branches:
Dungeon (9/12)             Temple (1/1) D:5            Lair (0/6) D:8
    Orc: D:8-11

Altars:
Ashenzari
Cheibriados
Dithmenos
Elyvilon
Fedhas
Gozag
Hepliaklqana
Kikubaaqudgha
Lugonu
Makhleb
Nemelex Xobeh
Okawaru
Qazlal
Ru
Sif Muna
Uskayaw
Vehumet
Wu Jian
Xom
Yredelemnul
Zin
The Shining One


Innate Abilities, Weirdness & Mutations

Your spells do not cause hunger and MP costs are reduced by 1.
Your bright wings attract enemies. (Stealth-)
You cannot fit into any form of body armour.
Your shimmering scales are hard and can block incoming attacks. (AC +6, SH +6)
You are small and have problems with some larger weapons.
You can fly continuously.


Message History

The stinking cloud engulfs the deep elf mage.
The crimson imp completely misses you.
The deep elf mage is engulfed in noxious fumes.
You hit the deep elf mage.
The deep elf mage is lightly wounded.
The purple ugly thing is engulfed in noxious fumes.
The purple ugly thing appears confused.
The crimson imp blinks!
The deep elf mage is engulfed in noxious fumes.
The deep elf mage appears confused.
You hit the deep elf mage.
Lightning courses through the deep elf mage!
The deep elf mage is moderately wounded.
The purple ugly thing is engulfed in noxious fumes.
The purple ugly thing appears confused.
You hit the deep elf mage.
The deep elf mage is heavily wounded.
The crimson imp lashes its tail.
The purple ugly thing tail-slaps you!!
You die...
Your body crumbles into a pile of gold.

#........u○☼.#
#....)e.○°$##.
#...%...☼○○...
#.....$....###
#.............
#######$#####.
#.# #.##


You could see a purple ugly thing (confused), a deep elf mage (confused) and a
crimson imp.

Vanquished Creatures
  A centaur warrior (D:8)
  A two-headed ogre (D:9)
  2 trolls (D:7)
  A hippogriff (D:5)
  A meliai zombie (D:6)
  4 yaks (D:8)
  2 sky beasts
  A black bear (D:6)
  A phantom (D:4)
  3 orc warriors
  6 ogres
  A centaur (D:7)
  2 big kobolds
  A gnoll sergeant (D:6)
  2 bullfrogs
  A scorpion (D:5)
  5 wights (D:8)
  8 killer bees
  A howler monkey (D:9)
  5 crimson imps
  A centaur zombie (D:5)
  4 hounds
  A centaur skeleton (D:7)
  2 jellies
  9 orc wizards
  7 orc priests
  An iguana (D:4)
  5 worker ants
  A hound zombie (D:6)
  6 adders
  8 gnolls (D:6)
  A howler monkey skeleton (D:7)
  A shadow imp (D:5)
  An ooze (D:2)
  An adder skeleton (D:4)
  6 worms
  4 dart slugs
  3 leopard geckos
  48 orcs
  8 bats
  5 giant cockroaches
  4 goblins (D:1)
  11 hobgoblins
  11 jackals
  17 kobolds
  6 quokkas
  2 frilled lizards (D:1)
  A goblin skeleton (D:5)
  A goblin zombie (D:5)
  A kobold skeleton (D:5)
  2 orc zombies (D:5)
  7 rats
235 creatures vanquished.

Vanquished Creatures (collateral kills)
  A centaur (D:4)
  A killer bee (D:6)
  A worm (D:4)
3 creatures vanquished.

Grand Total: 238 creatures vanquished

Notes
Turn   | Place    | Note
-------+----------+-------------------------------------------
     0 | D:1      | Gumption the Fairy Wizard began the quest for the Orb.
     0 | D:1      | Reached XP level 1. HP: 11/11 MP: 7/7
    88 | D:1      | Reached XP level 2. HP: 16/17 MP: 9/9
    92 | D:1      | Learned a level 2 spell: Blink
    96 | D:1      | Learned a level 2 spell: Call Imp
   133 | D:1      | Reached skill level 2 in Conjurations
   385 | D:1      | Reached XP level 3. HP: 21/21 MP: 10/10
   390 | D:1      | Learned a level 3 spell: Mephitic Cloud
   814 | D:2      | Reached skill level 3 in Conjurations
  1001 | D:2      | Reached XP level 4. HP: 27/27 MP: 12/12
  1660 | D:3      | Reached skill level 4 in Conjurations
  1660 | D:3      | Reached XP level 5. HP: 4/31 MP: 14/14
  1672 | D:3      | Reached skill level 5 in Spellcasting
  2082 | D:3      | Found a blossoming altar of Fedhas.
  2386 | D:4      | Noticed a sky beast
  2394 | D:4      | Killed a sky beast
  2394 | D:4      | Reached skill level 5 in Conjurations
  2394 | D:4      | Reached XP level 6. HP: 36/36 MP: 16/16
  2495 | D:4      | Reached skill level 5 in Dodging
  2581 | D:4      | Noticed a phantom
  2592 | D:4      | Killed a phantom
  2592 | D:4      | Reached skill level 6 in Conjurations
  2592 | D:4      | Reached XP level 7. HP: 41/41 MP: 17/17
  2650 | D:4      | Reached skill level 1 in Air Magic
  2650 | D:4      | Reached skill level 1 in Poison Magic
  3044 | D:5      | Entered Level 5 of the Dungeon
  3044 | D:5      | Found a staircase to the Ecumenical Temple.
  3065 | Temple   | Entered the Ecumenical Temple
  3120 | Temple   | Became a worshipper of Gozag Ym Sagoz the Greedy
  3214 | D:5      | Found a glowing golden altar of the Shining One.
  3311 | D:5      | Found a radiant altar of Vehumet.
  3317 | D:5      | Noticed a hippogriff
  3368 | D:5      | Killed a hippogriff
  3368 | D:5      | Reached skill level 7 in Conjurations
  3368 | D:5      | Reached XP level 8. HP: 10/46 MP: 16/19
  3380 | D:5      | HP: 1/46 [orc priest/divine providence (11)]
  4119 | D:6      | Reached skill level 8 in Conjurations
  4119 | D:6      | Reached XP level 9. HP: 22/51 MP: 21/21
  4468 | D:6      | Learned a level 3 spell: Conjure Flame
  4698 | D:6      | Found a white marble altar of Elyvilon.
  4802 | D:6      | Found a hazy altar of Hepliaklqana.
  4803 | D:6      | Found a shimmering altar of Xom.
  4803 | D:6      | Noticed a spectral ugly thing
  4804 | D:6      | Noticed a spectral ugly thing
  4804 | D:6      | Noticed a spectral ugly thing
  5025 | D:6      | Learned a level 1 spell: Slow
  5029 | D:6      | Learned a level 3 spell: Spider Form
  5032 | D:6      | Learned a level 2 spell: Sticks to Snakes
  5307 | D:7      | Found a stormy altar of Qazlal.
  5471 | D:7      | Noticed a troll
  5799 | D:7      | Reached skill level 9 in Conjurations
  5882 | D:7      | Noticed a troll
  5900 | D:7      | Killed a troll
  6101 | D:7      | Killed a troll
  6101 | D:7      | Reached skill level 1 in Hexes
  6101 | D:7      | Reached skill level 1 in Fire Magic
  6101 | D:7      | Reached XP level 10. HP: 56/56 MP: 23/23
  6237 | D:8      | Reached skill level 10 in Conjurations
  6646 | D:8      | Found a shadowy altar of Dithmenos.
  6648 | D:8      | Found a shimmering blue altar of Sif Muna.
  6730 | D:8      | Reached skill level 1 in Transmutations
  6754 | D:8      | Found a staircase to the Lair.
  6791 | D:8      | Found a shattered altar of Ashenzari.
  7032 | D:8      | Noticed a centaur warrior
  7042 | D:8      | Killed a centaur warrior
  7042 | D:8      | Reached skill level 1 in Fighting
  7042 | D:8      | Reached skill level 1 in Short Blades
  7200 | D:8      | Found a hide-covered altar of Uskayaw.
  7299 | D:9      | Noticed a purple ugly thing
  7299 | D:9      | Noticed a deep elf mage
  7529 | D:9      | Noticed a two-headed ogre
  7543 | D:9      | Killed a two-headed ogre
  7604 | D:9      | Slain by a purple ugly thing

Skill      XL: |  1  2  3  4  5  6  7  8  9 10 |
---------------+-------------------------------+-----
Dodging        | 3 4 5 6 7 8 |  8.9
Conjurations   | 2 3 4 5 6 7 8 9 10 | 10.0
Spellcasting   | 5 6 7 8 |  8.7
Air Magic      | 3 4 |  4.4
Poison Magic   | 3 4 |  4.4
Summonings     | 2 4 |  4.0
Translocations | 2 4 |  4.0
Hexes          | 1 2 |  2.0
Fire Magic     | 1 4 |  4.0
Transmutations | 3 |  3.1
Fighting       | 1 |  1.7
Short Blades   | 3 |  3.0
Stealth        | |  1.7

Action                   |  1- 3 |  4- 6 |  7- 9 | 10-12 || total
-------------------------+-------+-------+-------+-------++-------
Melee: Quarterstaff      |       |       |     1 |       ||     1
       Unarmed           |       |       |   121 |       ||   121
       Short sword       |       |       |       |    23 ||    23
Throw: Tomahawk          |       |       |       |     1 ||     1
 Cast: Magic Dart        |    91 |   147 |   356 |   194 ||   788
       Blink             |     2 |       |     6 |     6 ||    14
       Mephitic Cloud    |       |     1 |    32 |    14 ||    47
       Call Imp          |       |       |     1 |     1 ||     2
       Spider Form       |       |       |     1 |       ||     1
       Conjure Flame     |       |       |       |    11 ||    11
 Abil: End Transformatio |       |       |     1 |       ||     1
  Use: Scroll            |       |     7 |     4 |       ||    11
       Potion            |       |       |     2 |       ||     2
 Stab: Distracted        |       |       |     1 |       ||     1
       Confused          |       |       |       |     1 ||     1
  Eat: Chunk             |       |     5 |     2 |       ||     7
       Ration            |       |       |     3 |     1 ||     4
Armor: Skin              |     3 |     3 |    18 |     4 ||    28
Dodge: Dodged            |     7 |    18 |   260 |    54 ||   339
Block: Other             |       |     5 |    66 |    15 ||    86
